 Dungeon Crawl Stone Soup version 0.29.0-10-g45618ea6d2 (webtiles) character file.

Game seed: 12642232858978914648

179 howech the Chopper (level 5, 0/42 (45) HPs)
             Began as a Minotaur Gladiator on Aug 31, 2022.
             Slain by Robin
             ... wielding a +2 short sword of draining
              (2 damage)
             ... on level 2 of the Dungeon on Sept 1, 2022.
             The game lasted 00:07:52 (1979 turns).

howech the Chopper (Minotaur Gladiator)             Turns: 1979, Time: 00:07:53

HP:   0/42 (45)     AC:  3    Str: 18    XL:     5   Next: 32%
MP:   4/4           EV: 12    Int:  7    God:
Gold: 129           SH:  0    Dex: 12    Spells: 4/4 levels left

rFire   . . .      SeeInvis .   a - +0 war axe
rCold   . . .      Faith    .   (no shield)
rNeg    . . .      Spirit   .   b - +0 leather armour
rPois   .          Reflect  .   c - +0 hat
rElec   .          Harm     .   (no cloak)
rCorr   .          Rampage  .   (no gloves)
Will    .....                   (no boots)
Stlth   +.........              (no amulet)
HPRegen 0.14/turn               (no ring)
MPRegen 0.09/turn               (no ring)

@: drained
A: horns 2, retaliatory headbutt
a: no special abilities


You were on level 2 of the Dungeon.
You visited 1 branch of the dungeon, and saw 2 of its levels.

You collected 129 gold pieces.

Inventory:

Hand Weapons
 a - a +0 war axe (weapon)
Missiles
 e - a javelin (quivered)
 h - 3 throwing nets
Armour
 b - a +0 leather armour (worn)
 c - a +0 hat (worn)
Jewellery
 i - an amulet of guardian spirit
Wands
 f - a wand of flame (19)
Scrolls
 g - 2 scrolls of teleportation {unknown}
 j - a scroll of silence {unknown}
 l - a scroll of identify
 m - a scroll of fear {unknown}
Potions
 k - a potion of degeneration {unknown}


   Skills:
 + Level 3.2 Fighting
 * Level 5.1 Axes
 + Level 2.6 Throwing
 + Level 2.0 Armour
 + Level 4.0 Dodging
 + Level 1.2 Evocations


You had 4 spell levels left.
You didn't know any spells.
Your spell library was empty.

Dungeon Overview and Level Annotations

Branches:
Dungeon (2/15)

Altars:

Annotations:
D:2 Robin


Innate Abilities, Weirdness & Mutations

You have a pair of horns on your head.
You reflexively headbutt those who attack you in melee.


Message History

Unknown command.
You slash the black bear!
You kill the black bear!
Your Axes skill increases to level 5!
Your Armour skill increases to level 2!
Your Dodging skill increases to level 4!
Your Evocations skill increases to level 1!
You have reached level 5!
Unknown command.
You barely miss the goblin. The goblin barely misses you.
You hit the goblin but do no damage. The goblin closely misses you.
You furiously retaliate!
You headbutt the goblin. You slash the goblin!
You kill the goblin!
Robin drinks a potion.
Robin seems to grow stronger.
You hit Robin but do no damage. Your headbutt misses Robin.
Robin closely misses you.
You slash Robin!
Robin is heavily wounded.
Robin hits you with a +2 short sword of draining!
* * * LOW HITPOINT WARNING * * *
You feel drained.
* * * LOW HITPOINT WARNING * * *
Unknown command.
You hit Robin.
Robin is severely wounded.
Robin misses you.
Unknown command.
You feel better.
Robin says, "Bow before me, strongest of all the hobgoblins!"
Robin hits you with a +2 short sword of draining.
* * * LOW HITPOINT WARNING * * *
You feel drained.
You barely miss Robin.
Robin is severely wounded.
Robin barely misses you. You furiously retaliate!
You headbutt Robin, but do no damage.
Robin hits you with a +2 short sword of draining!
* * * LOW HITPOINT WARNING * * *
You feel drained.
You die...

#.._..# ..##
#####.# ...#
###.# #..####
#...# ##.....###
#.### #........#
#.# #........#
#.# #...†....#
####.# #........#
#.@..#
##........##
#g####
.#.[.......# #.#
...##.####.####.#
##.##.##..÷.....#
#†...##...÷....#
#..####....g..##
##..# #.......#
#.g.## #.......#


You could see Robin (strong).

Vanquished Creatures
  A black bear (D:2)
  2 adders (D:2)
  3 dart slugs
  2 endoplasms (D:1)
  3 giant cockroaches
  14 goblins
  7 hobgoblins
  6 jackals (D:1)
  5 kobolds
  A quokka (D:2)
  5 ball pythons
  5 bats
  2 frilled lizards (D:2)
  4 rats
60 creatures vanquished.

Notes
Turn   | Place    | Note
-------+----------+-------------------------------------------
     0 | D:1      | howech the Minotaur Gladiator began the quest for the Orb.
     0 | D:1      | Reached XP level 1. HP: 18/18 MP: 0/0
   126 | D:1      | Reached XP level 2. HP: 25/25 MP: 1/1
   143 | D:1      | Reached skill level 4 in Axes
   497 | D:1      | Reached XP level 3. HP: 28/30 MP: 2/2
   539 | D:1      | Reached skill level 1 in Armour
   815 | D:1      | Upgraded the game from 0.29.0-7-g18a832c13a to
                  | 0.29.0-10-g45618ea6d2
  1485 | D:2      | Reached XP level 4. HP: 37/37 MP: 3/3
  1551 | D:2      | Noticed a black bear
  1553 | D:2      | Noticed Robin
  1937 | D:2      | Found a faded altar of an unknown god.
  1970 | D:2      | Killed a black bear
  1971 | D:2      | Reached skill level 5 in Axes
  1971 | D:2      | Reached skill level 1 in Evocations
  1971 | D:2      | Reached XP level 5. HP: 12/45 MP: 4/4
  1979 | D:2      | HP: 2/43 [Robin/+2 short sword of draining (7)]
  1979 | D:2      | Slain by Robin

Illustrated notes

Levels and vault maps discovered:
D:1:      minmay_arrival_glassed_features, layout_basic
D:2:      layout_rooms, ebering_ecumenical_altar_abandoned, uniq_robin

Skill      XL: |  1  2  3  4 |
---------------+-------------+-----
Axes           | 4 5 |  5.1
Armour         | 1 2 |  2.0
Fighting       | 3 |  3.2
Dodging        | 4 |  4.0
Evocations     | 1 |  1.2
Throwing       | |  2.6

Action                   |  1- 3 |  4- 6 || total
-------------------------+-------+-------++-------
Melee: War axe           |    86 |    32 ||   118
       Headbutt          |     8 |     2 ||    10
Throw: Throwing net      |       |     3 ||     3
  Use: Scroll            |     2 |       ||     2
       Potion            |     1 |     2 ||     3
Armor: Leather armour    |    33 |    10 ||    43
Dodge: Dodged            |    79 |    39 ||   118
